 Dungeon Crawl Stone Soup version 0.23.2-1-ga50397a (webtiles) character file.

Game seed: 14742563522988877149

141 dvd the Gusty (level 5, 0/28 HPs)
             Began as a Tengu Air Elementalist on May 16, 2019.
             Killed from afar by an orc wizard (6 damage)
             ... with a puff of frost
             ... on level 3 of the Dungeon.
             The game lasted 00:07:35 (2989 turns).

dvd the Gusty (Tengu Air Elementalist)              Turns: 2989, Time: 00:07:36

Health: 0/28       AC:  2    Str:  8    XL:     5   Next: 24%
Magic:  0/10       EV: 13    Int: 17    God:
Gold:   112        SH:  0    Dex: 14    Spells: 1/9 levels left

rFire    + . .     SeeInvis .   e - +0 short sword
rCold    . . .     Gourm    .   (no shield)
rNeg     . . .     Faith    .   a - +0 robe
rPois    .         Spirit   .   (helmet restricted)
rElec    .         Reflect  .   (no cloak)
rCorr    .         Harm     .   (no gloves)
MR       .....                  (boots unavailable)
Stlth    ++........             (no amulet)
HPRegen  0.09/turn              q - ring of protection from fire
MPRegen  0.12/turn              (no ring)

@: no status effects
A: beak, talons 3, able to fly
a: Fly


You were on level 3 of the Dungeon.
You were hungry.

You visited 1 branch of the dungeon, and saw 3 of its levels.

You collected 112 gold pieces.

Inventory:

Hand Weapons
 e - a +0 short sword (weapon)
 f - a +1 whip of electrocution
Armour
 a - a +0 robe (worn)
Jewellery
 q - a ring of protection from fire (left hand)
Scrolls
 b - a scroll of fog {unknown}
 g - 4 scrolls of identify {unknown}
 i - 2 scrolls of amnesia {unknown}
 j - a scroll of immolation {unknown}
 k - a scroll of magic mapping {unknown}
 m - a scroll of enchant weapon {unknown}
 n - 3 scrolls of teleportation {unknown}
Potions
 d - a potion of lignification {unknown}
 h - 4 potions of curing {unknown}
 l - a potion of berserk rage {unknown}
 o - 3 potions of heal wounds {unknown}
 p - a potion of brilliance {unknown}
Comestibles
 c - 5 rations


   Skills:
 + Level 2.7 Dodging
 + Level 2.2 Stealth
 + Level 2.8 Spellcasting
 + Level 3.4 Conjurations
 + Level 5.5 Air Magic


You had one spell level left.
You knew the following spells:

 Your Spells              Type           Power        Failure   Level  Hunger
a - Shock                 Conj/Air       ###.         2%          1    #......
b - Static Discharge      Conj/Air       ###.....     9%          3    ###....
c - Airstrike             Air            ###.......   19%         4    #####..

Your spell library contained the following spells:

 Spells                   Type           Power        Failure   Level  Hunger
 Magic Dart               Conj           ##..         4%          1    #......
 Swiftness                Chrm/Air       ##......     9%          2    ##.....
 Mephitic Cloud           Conj/Pois/Air  ##......     16%         3    ###....
 Blink                    Tloc           N/A          26%         2    ##.....
 Call Imp                 Summ           #.......     26%         2    ##.....
 Slow                     Hex            #.......     26%         2    ##.....
 Conjure Flame            Conj/Fire      #.......     26%         3    ###....
 Lightning Bolt           Conj/Air       ###.......   61%         5    ######.


Dungeon Overview and Level Annotations

Branches:
Dungeon (3/15)

Altars:
Fedhas


Innate Abilities, Weirdness & Mutations

You have a beak for a mouth.
You have claws for feet.
You can fly continuously.


Message History

Aiming: Shock (safe; 2% risk of failure)
Press: ? - help, Shift-Dir - straight line Something hits you.
Unknown command.
Casting: Shock (safe; 2% risk of failure)
Confirm with . or Enter, or press ? or * to list all spells.
Aiming: Shock (safe; 2% risk of failure)
Press: ? - help, Shift-Dir - straight line The zap hits something.
Something hits you.
* * * LOW HITPOINT WARNING * * *
Something hits you but does no damage.
Unknown command.
Casting: Shock (safe; 2% risk of failure)
Confirm with . or Enter, or press ? or * to list all spells.
Aiming: Shock (safe; 2% risk of failure)
Press: ? - help, Shift-Dir - straight line You hear some strange, mumbled words.
A puff of frost appears from out of thin air!
The puff of frost hits you.
You die...

#.[........#
#..........#
#..........### ###
#............ ....
#..........# ....
#####.........≈#
#)...#............≈.#
#....#.......@{.).)≈#
#...............>#.≈).♣
+....#.......##### )..#
#....#<####### o.≈.
#....#.########## .≈$
##.#.#.##........ ≈≈
#........##....( .
#....≈..........
#....≈≈≈........


There were no monsters in sight!

Vanquished Creatures
  An orc priest (D:3)
  Robin (D:2)
  2 adders
  A worm (D:3)
  4 dart slugs
  3 orcs (D:3)
  A ball python (D:2)
  4 giant cockroaches (D:2)
  14 goblins
  12 hobgoblins
  3 jackals (D:1)
  6 kobolds
  A quokka (D:2)
  5 bats
  2 frilled lizards
  5 rats
65 creatures vanquished.

Notes
Turn   | Place    | Note
-------+----------+-------------------------------------------
     0 | D:1      | dvd the Tengu Air Elementalist began the quest for the Orb.
     0 | D:1      | Reached XP level 1. HP: 10/10 MP: 4/4
   178 | D:1      | Reached XP level 2. HP: 15/15 MP: 4/6
   409 | D:1      | Reached XP level 3. HP: 19/19 MP: 5/7
   594 | D:1      | Reached skill level 5 in Air Magic
   845 | D:1      | Learned a level 3 spell: Static Discharge
  1383 | D:2      | Noticed Robin
  1387 | D:2      | Reached XP level 4. HP: 21/24 MP: 3/8
  1395 | D:2      | HP: 1/24 [goblin/+0 dagger[Robin] (4)]
  1738 | D:2      | Learned a level 4 spell: Airstrike
  1779 | D:2      | Killed Robin
  2509 | D:2      | Found a blossoming altar of Fedhas.
  2985 | D:3      | Gained mutation: You can fly continuously. [Tengu growth]
  2985 | D:3      | Reached XP level 5. HP: 21/28 MP: 3/10
  2989 | D:3      | Killed from afar by an orc wizard

Skill      XL: |  1  2  3  4 |
---------------+-------------+-----
Air Magic      | 5 |  5.5
Conjurations   | 2 3 |  3.4
Dodging        | |  2.7
Stealth        | |  2.2
Spellcasting   | |  2.8

Action                   |  1- 3 |  4- 6 || total
-------------------------+-------+-------++-------
Melee: Unarmed           |     1 |       ||     1
       Short sword       |     1 |    17 ||    18
       Kick              |     1 |     5 ||     6
       Peck              |     1 |     2 ||     3
 Cast: Shock             |    59 |    56 ||   115
       Static Discharge  |       |     1 ||     1
  Eat: Chunk             |     2 |     5 ||     7
Armor: Robe              |       |     7 ||     7
Dodge: Dodged            |    12 |    19 ||    31
